 Dungeon Crawl Stone Soup version 0.31.0-9-g3a7656b989 (webtiles) character file.

Game seed: 17672686009169155099

86739 qw the Acrobat (level 15, 0/79 HPs)
             Began as a Spriggan Hunter on Feb 2, 2024.
             Was a High Priest of Okawaru.
             Slain by a skeletal warrior
             ... wielding a +0 trident
              (12 damage)
             ... on level 13 of the Dungeon.
             The game lasted 00:03:55 (18670 turns).

qw the Acrobat (Spriggan Hunter)                   Turns: 18670, Time: 00:03:55

Health: 0/79       AC: 11    Str:  7    XL:     15   Next: 41%
Magic:  23/23      EV: 45    Int: 11    God:    Okawaru [*****.]
Gold:   1726       SH:  0    Dex: 26    Spells: 14/14 levels left

rFire   + . .        h - +3 orcbow (elec)
rCold   + . .        (shield currently unavailable)
rNeg    . . .        w - +2 robe {rC+ rF+}
rPois   .            (helmet restricted)
rElec   .            k - +2 cloak
rCorr   .            (gloves unavailable)
SInv    +            (boots unavailable)
Will    +++..        (no amulet)
Stlth   ++           d - +4 ring of protection
HPRegen 0.33/turn    r - ring of willpower
MPRegen 0.18/turn

%: no passive effects
@: very quick
A: very small, no large weapons, unfitting armour, see invisible, speed 3
a: Renounce Religion, Heroism, Finesse, Duel


You were on level 13 of the Dungeon.
You worshipped Okawaru.
Okawaru was extremely pleased with you.
You visited 3 branches of the dungeon, and saw 19 of its levels.
You also visited: Gauntlet.

You collected 1973 gold pieces.
You spent 247 gold pieces at shops.


Innate Abilities, Weirdness & Mutations

You are very small and have problems with some larger weapons.
You are too small for most types of armour.
You have supernaturally acute eyesight. (SInv)
You cover ground extremely quickly. (Speed+++)


   Skills:
 + Level 9.1 Fighting
 - Level 16.0 Ranged Weapons
 - Level 1.2 Armour
 - Level 23.0 Dodging
 - Level 1.5 Stealth
 - Level 10.0 Invocations


You had 14 spell levels left.
You didn't know any spells.
Your spell library was empty.

Inventory:

Hand Weapons
 h - a +3 orcbow of electrocution (weapon)
Armour
 k - a +2 cloak (worn)
 w - a +2 robe of resistance (worn)
 y - a +0 troll leather armour
Jewellery
 a - a ring of protection from fire
 c - a ring of positive energy
 d - a +4 ring of protection (left hand)
 f - a ring of ice
 r - a ring of willpower (right hand)
 x - a ring of fire
Wands
 i - a wand of light (9)
 l - a wand of polymorph (2)
 q - a wand of paralysis (23)
 s - a wand of iceblast (9)
 t - a wand of mindburst (10)
Scrolls
 j - 3 scrolls of teleportation
 o - a scroll of identify
Potions
 b - 5 potions of heal wounds
 e - 6 potions of enlightenment
 g - 7 potions of curing
 m - a potion of mutation
 n - a potion of might
 p - 2 potions of resistance
 u - a potion of haste
 v - a potion of cancellation

Dungeon Overview and Level Annotations

Branches:
Dungeon (13/15)            Temple (1/1) D:6            Lair (5/5) D:8
  Swamp (0/4) Lair:3        Snake (0/4) Lair:3        Slime (0/5) Lair:4
    Orc (0/2) D:11        Gauntlet (visited)
 Vaults: D:13-14

Altars:
Ashenzari
Cheibriados
Dithmenos
Elyvilon
Fedhas
Gozag
Hepliaklqana
Kikubaaqudgha
Makhleb
Nemelex Xobeh
Okawaru
Qazlal
Ru
Sif Muna
Trog
Uskayaw
Vehumet
Wu Jian
Xom
Yredelemnul
Zin
The Shining One
Lugonu

Shops:
D:5 [

Annotations:
D:2 1 runed translucent door, Crazy Yiuf
D:5 5 runed translucent doors


Message History

You shoot an arrow.
The arrow barely misses the skeletal warrior.
You shoot an arrow. The arrow hits the skeletal warrior!
The skeletal warrior is heavily damaged.
You shoot an arrow. The arrow hits the skeletal warrior!
The skeletal warrior is severely damaged.
The skeletal warrior hits you from afar with a +0 trident.
You shoot an arrow.
The arrow hits the skeletal warrior but does no damage.
The skeletal warrior is severely damaged.
You shoot an arrow.
The arrow closely misses the skeletal warrior.
The skeletal warrior barely misses you.
You shoot an arrow.
The arrow barely misses the skeletal warrior.
The arrow hits the skeletal warrior!
The skeletal warrior is almost destroyed.
The skeletal warrior hits you with a +0 short sword!
The skeletal warrior closely misses you.
You shoot an arrow. The arrow hits the skeletal warrior!
The skeletal warrior is severely damaged.
You shoot an arrow. The arrow hits the skeletal warrior!
The skeletal warrior is almost destroyed.
The skeletal warrior completely misses you.
The skeletal warrior hits you with a +0 short sword!!
The skeletal warrior completely misses you.
You shoot an arrow.
The arrow hits the skeletal warrior but does no damage.
The skeletal warrior is almost destroyed.
The skeletal warrior hits you from afar with a +0 trident!
The skeletal warrior completely misses you.
The skeletal warrior barely misses you.
You shoot an arrow. The arrow hits the skeletal warrior!
You destroy the skeletal warrior!
Okawaru accepts your kill.
You shoot an arrow. The arrow hits the skeletal warrior.
The skeletal warrior is lightly damaged.
The skeletal warrior hits you with a +0 short sword!!
The skeletal warrior hits you from afar with a +0 trident!
You die...

######## ##########
.......# #.........
.......# #.........
.......# #..>)....$
.......########.>.z.....
..##'#..........).......
..#..+..........@z......
..#..#..................
..#..#.........####+##..
..#..####......# ..#...
#......# ..#... +......#
..#... #......# ..#
#......+ ..# #......#


You could see 2 skeletal warriors.

Vanquished Creatures
  An eleionoma (Lair:3)
  A dire elephant (Lair:2)
  A minotaur (Gauntlet)
  5 hydras
  3 boulder beetles
  An alligator (Lair:3)
  2 catoblepae
  3 two-headed ogres
  11 death yaks (Lair:5)
  A demonic crawler (Lair:5)
  A soul eater (Gauntlet)
  A goliath frog (Lair:5)
  4 skysharks
  Lodul (D:11)
  A skeletal warrior (D:13)
  A fire crab (Lair:5)
  2 cyclopes (D:12)
  A manticore (D:12)
  Maurice (D:9)
  52 elephants
  8 black mambas
  A torpor snail (Lair:5)
  23 cane toads
  2 gargoyles
  2 kobold demonologists
  5 rime drakes
  14 komodo dragons
  Psyche (D:11)
  6 trolls
  6 hornets
  A tyrant leech (Lair:5)
  27 blink frogs
  14 dream sheep
  A spriggan (Lair:2)
  2 wyverns
  2 vampires
  40 yaks
  2 wraiths (D:10)
  2 steam dragons
  3 basilisks
  10 vampire mosquitoes
  8 nagas (Lair:3)
  3 swamp worms (Lair:5)
  An acid dragon (D:12)
  10 water moccasins
  7 orc warriors
  12 ogres
  4 black bears
  2 ice beasts (D:8)
  A sky beast (D:8)
  8 centaurs
  25 wolves
  2 kobold brigands
  28 bullfrogs
  A gnoll sergeant (D:8)
  A scorpion (D:7)
  A wight (D:8)
  6 killer bees (D:8)
  2 howler monkeys
  2 electric eels (Lair:5)
  A bombardier beetle (D:4)
  2 hounds
  3 jellies
  2 orc priests (D:9)
  A gnoll bouda (D:6)
  A sleepcap (D:5)
  Jessica (D:3)
  An iguana (D:7)
  13 orc wizards
  11 hell rats
  14 gnolls
  8 adders
  2 shadow imps (Gauntlet)
  2 white imps
  2 ufetubi (D:5)
  9 dart slugs
  A ribbon worm (D:4)
  24 orcs
  5 ball pythons
  7 bats
  9 endoplasms
  2 giant cockroaches
  6 goblins
  6 hobgoblins
  7 jackals
  3 quokkas
  6 frilled lizards
  6 kobolds
  3 rats
548 creatures vanquished.

Notes
Turn   | Place    | Note
-------+----------+-------------------------------------------
     0 | D:1      | qw the Spriggan Hunter began the quest for the Orb.
     0 | D:1      | Reached XP level 1. HP: 10/10 MP: 2/2
     0 | D:1      | 0 ||| qw: Version: 0.3-a-155-g5e7d8dd
     0 | D:1      | 0 ||| qw: Game counter: 1916
     0 | D:1      | 0 ||| qw: Melee chars always use a shield: true
     0 | D:1      | 0 ||| qw: God list: Okawaru
     0 | D:1      | 0 ||| qw: Allow faded altars: false
     0 | D:1      | 0 ||| qw: Do Orc after clearing Dungeon:15 true
     0 | D:1      | 0 ||| qw: Do second Lair branch before Depths: true
     0 | D:1      | 0 ||| qw: Lair rune preference: random
     0 | D:1      | 0 ||| qw: Goals: Normal
     0 | D:1      | 0 ||| PLANNING D:1-11
    33 | D:1      | Reached skill level 3 in Dodging
   168 | D:1      | Reached XP level 2. HP: 14/14 MP: 3/3
   223 | D:1      | Reached skill level 4 in Dodging
   915 | D:1      | 915 ||| READING scroll labelled WODGHI DOZOOXKY.
   916 | D:1      | 916 ||| READING scroll labelled WEAPYDGH ZYEK.
   917 | D:1      | 917 ||| READING 2 scrolls labelled BIJIOM EXZU.
   918 | D:1      | 918 ||| READING scroll labelled VOCREZ ERIC.
   918 | D:1      | 918 ||| ENCHANTING +0 shortbow.
   919 | D:1      | 919 ||| DROPPING scroll of butterflies.
   920 | D:1      | 920 ||| DROPPING scroll of poison.
  1097 | D:2      | Reached XP level 3. HP: 16/18 MP: 4/4
  1142 | D:2      | Found a runed translucent door.
  1143 | D:2      | Noticed Crazy Yiuf
  1606 | D:2      | 1606 ||| UPGRADING to +4 ring of protection.
  1607 | D:2      | 1607 ||| DRINKING 2 fizzy blue potions.
  1763 | D:3      | Found a bloodstained altar of Trog.
  1780 | D:3      | Reached XP level 4. HP: 22/22 MP: 5/5
  1919 | D:3      | Found an opulent altar of Gozag.
  1941 | D:3      | Found a stormy altar of Qazlal.
  2074 | D:3      | 2074 ||| FLEEEEING.
  2076 | D:3      | 2076 ||| STAIRDANCE
  2138 | D:2      | 2138 ||| READING 2 scrolls labelled RINNIU KOPUF.
  2138 | D:2      | 2138 ||| IDENTIFYING grey potion
  2139 | D:2      | 2139 ||| READING scroll of identify.
  2139 | D:2      | 2139 ||| IDENTIFYING bubbling amethyst potion
  2140 | D:2      | 2140 ||| DRINKING 2 cyan potions.
  2202 | D:3      | Noticed Jessica
  2205 | D:3      | Killed Jessica
  2206 | D:3      | Reached skill level 5 in Dodging
  2678 | D:3      | 2678 ||| READING scroll of identify.
  2678 | D:3      | 2678 ||| IDENTIFYING scroll labelled FEAM VEGYCE
  2679 | D:3      | 2679 ||| READING scroll labelled FAULIGONUH.
  2683 | D:3      | 2683 ||| DROPPING scroll of vulnerability.
  2732 | D:4      | Reached XP level 5. HP: 26/26 MP: 6/6
  2847 | D:4      | Found a shimmering altar of Xom.
  3108 | D:4      | 3108 ||| SWAPPING to +0 orcbow.
  3111 | D:4      | 3111 ||| DROPPING +1 shortbow.
  3423 | D:4      | 3423 ||| READING scroll of enchant weapon.
  3423 | D:4      | 3423 ||| ENCHANTING +0 orcbow.
  3573 | D:5      | Entered Level 5 of the Dungeon
  3581 | D:5      | Reached XP level 6. HP: 30/31 MP: 7/7
  3588 | D:5      | Reached skill level 6 in Ranged Weapons
  3603 | D:5      | Found a blossoming altar of Fedhas.
  3639 | D:5      | Found Irhienadd's Antique Armour Emporium.
  3645 | D:5      | 3645 ||| BUYING glowing cloak (247 gold).
  3645 | D:5      | Bought a glowing cloak for 247 gold pieces
  3887 | D:5      | Reached skill level 6 in Dodging
  3999 | D:5      | Found the +9 staff of Olgreb {rPois∞}
  4008 | D:5      | Found a runed translucent door.
  4016 | D:5      | Noticed a redback
  4016 | D:5      | Noticed a redback
  4017 | D:5      | Found a runed translucent gate.
  4017 | D:5      | Found a runed translucent gate.
  4018 | D:5      | Found a runed translucent door.
  4045 | D:5      | Noticed a water moccasin
  4050 | D:5      | Noticed a redback
  4050 | D:5      | Noticed a water moccasin
  4050 | D:5      | Noticed a water moccasin
  4051 | D:5      | Found a runed translucent gate.
  4051 | D:5      | Noticed a water moccasin
  4267 | D:5      | 4267 ||| DROPPING scarf of invisibility.
  4268 | D:5      | 4268 ||| UPGRADING to +2 cloak.
  4273 | D:5      | 4273 ||| READING 2 scrolls of identify.
  4273 | D:5      | 4273 ||| IDENTIFYING black potion
  4314 | D:6      | 4314 ||| DRINKING potion of haste.
  4319 | D:6      | Reached XP level 7. HP: 31/35 MP: 8/8
  4412 | D:6      | Reached skill level 7 in Dodging
  4539 | D:6      | 4539 ||| FLEEEEING.
  4815 | D:6      | Found a staircase to the Ecumenical Temple.
  4816 | D:6      | 4816 ||| PLANNING TEMPLE
  4816 | D:6      | 4816 ||| READING 2 scrolls of identify.
  4816 | D:6      | 4816 ||| IDENTIFYING inky potion
  4817 | D:6      | 4817 ||| READING scroll of identify.
  4817 | D:6      | 4817 ||| IDENTIFYING scroll labelled JIMEUNLABRO
  4818 | D:6      | 4818 ||| DROPPING scroll of blinking.
  4827 | Temple   | Entered the Ecumenical Temple
  4828 | Temple   | 4828 ||| PLANNING D:1-11
  4846 | D:6      | Reached skill level 8 in Dodging
  4846 | D:6      | Reached XP level 8. HP: 37/39 MP: 9/9
  5323 | D:7      | Reached skill level 3 in Fighting
  5495 | D:7      | HP: 8/40 [steam dragon/ball of steam (5)]
  5496 | D:7      | 5496 ||| READING scroll of teleportation.
  5497 | D:7      | 5497 ||| DRINKING 5 potions of heal wounds.
  5620 | D:7      | Reached skill level 9 in Ranged Weapons
  5668 | D:7      | Found a burning altar of Makhleb.
  5674 | D:7      | Found a sparkling altar of Nemelex Xobeh.
  5913 | D:8      | Noticed a hornet
  5915 | D:8      | 5915 ||| ZAPPING wand of light (14) at 5,2 (hornet; floor).
  5916 | D:8      | 5916 ||| ZAPPING wand of light (13) at 3,1 (hornet; floor).
  5917 | D:8      | 5917 ||| ZAPPING wand of light (12) at 2,1 (hornet; floor).
  5918 | D:8      | 5918 ||| ZAPPING wand of light (11) at 1,0 (hornet; floor).
  5918 | D:8      | Killed a hornet
  5919 | D:8      | Reached skill level 9 in Dodging
  6069 | D:8      | Found a white marble altar of Elyvilon.
  6175 | D:8      | Reached XP level 9. HP: 44/44 MP: 10/10
  6185 | D:8      | Reached skill level 10 in Dodging
  6246 | D:8      | Found a glowing golden altar of the Shining One.
  6323 | D:8      | 6323 ||| RETREEEEATING.
  6325 | D:8      | 6325 ||| RETREEEEATING.
  6328 | D:8      | 6328 ||| RETREEEEATING.
  6329 | D:8      | 6329 ||| RETREEEEATING.
  6330 | D:8      | 6330 ||| RETREEEEATING.
  6331 | D:8      | 6331 ||| RETREEEEATING.
  6332 | D:8      | 6332 ||| RETREEEEATING.
  6333 | D:8      | 6333 ||| RETREEEEATING.
  6334 | D:8      | 6334 ||| RETREEEEATING.
  6335 | D:8      | 6335 ||| RETREEEEATING.
  6336 | D:8      | 6336 ||| RETREEEEATING.
  6337 | D:8      | 6337 ||| RETREEEEATING.
  6338 | D:8      | 6338 ||| RETREEEEATING.
  6447 | D:8      | 6447 ||| FLEEEEING.
  6457 | D:8      | 6457 ||| ZAPPING wand of light (10) at 1,1 (hornet; floor).
  6460 | D:8      | 6460 ||| FLEEEEING.
  6461 | D:8      | 6461 ||| FLEEEEING.
  6462 | D:8      | 6462 ||| FLEEEEING.
  6463 | D:8      | 6463 ||| FLEEEEING.
  6466 | D:8      | 6466 ||| FLEEEEING.
  6467 | D:8      | 6467 ||| FLEEEEING.
  6468 | D:8      | 6468 ||| FLEEEEING.
  6469 | D:8      | 6469 ||| FLEEEEING.
  6470 | D:8      | 6470 ||| FLEEEEING.
  6471 | D:8      | 6471 ||| FLEEEEING.
  6474 | D:8      | 6474 ||| FLEEEEING.
  6475 | D:8      | 6475 ||| FLEEEEING.
  6476 | D:8      | 6476 ||| FLEEEEING.
  6477 | D:8      | 6477 ||| FLEEEEING.
  6478 | D:8      | 6478 ||| FLEEEEING.
  6479 | D:8      | 6479 ||| FLEEEEING.
  6480 | D:8      | 6480 ||| FLEEEEING.
  6481 | D:8      | 6481 ||| FLEEEEING.
  6482 | D:8      | 6482 ||| FLEEEEING.
  6483 | D:8      | 6483 ||| FLEEEEING.
  6484 | D:8      | 6484 ||| FLEEEEING.
  6488 | D:8      | 6488 ||| FLEEEEING.
  6491 | D:8      | 6491 ||| FLEEEEING.
  6492 | D:8      | 6492 ||| FLEEEEING.
  6493 | D:8      | 6493 ||| FLEEEEING.
  6494 | D:8      | 6494 ||| FLEEEEING.
  6495 | D:8      | 6495 ||| FLEEEEING.
  6496 | D:8      | 6496 ||| FLEEEEING.
  6499 | D:8      | 6499 ||| FLEEEEING.
  6500 | D:8      | 6500 ||| FLEEEEING.
  6501 | D:8      | 6501 ||| FLEEEEING.
  6502 | D:8      | 6502 ||| FLEEEEING.
  6503 | D:8      | 6503 ||| FLEEEEING.
  6504 | D:8      | 6504 ||| FLEEEEING.
  6505 | D:8      | 6505 ||| FLEEEEING.
  6506 | D:8      | 6506 ||| FLEEEEING.
  6507 | D:8      | 6507 ||| FLEEEEING.
  6508 | D:8      | 6508 ||| FLEEEEING.
  6509 | D:8      | 6509 ||| FLEEEEING.
  6511 | D:8      | 6511 ||| FLEEEEING.
  6512 | D:8      | 6512 ||| FLEEEEING.
  6513 | D:8      | 6513 ||| FLEEEEING.
  6515 | D:8      | 6515 ||| FLEEEEING.
  6516 | D:8      | 6516 ||| FLEEEEING.
  6518 | D:8      | 6518 ||| FLEEEEING.
  6519 | D:8      | 6519 ||| FLEEEEING.
  6525 | D:8      | 6525 ||| FLEEEEING.
  6526 | D:8      | 6526 ||| FLEEEEING.
  6527 | D:8      | 6527 ||| FLEEEEING.
  6528 | D:8      | 6528 ||| FLEEEEING.
  6529 | D:8      | 6529 ||| FLEEEEING.
  6531 | D:8      | 6531 ||| FLEEEEING.
  6534 | D:8      | 6534 ||| FLEEEEING.
  6535 | D:8      | 6535 ||| FLEEEEING.
  6536 | D:8      | 6536 ||| FLEEEEING.
  6537 | D:8      | 6537 ||| FLEEEEING.
  6538 | D:8      | 6538 ||| FLEEEEING.
  6539 | D:8      | 6539 ||| FLEEEEING.
  6540 | D:8      | 6540 ||| FLEEEEING.
  6541 | D:8      | 6541 ||| FLEEEEING.
  6542 | D:8      | 6542 ||| FLEEEEING.
  6543 | D:8      | 6543 ||| STAIRDANCE
  6570 | D:7      | 6570 ||| DROPPING ring of wizardry.
  6571 | D:7      | 6571 ||| UPGRADING to ring of willpower.
  6572 | D:7      | 6572 ||| READING scroll of identify.
  6572 | D:7      | 6572 ||| IDENTIFYING bubbling black potion
  6573 | D:7      | 6573 ||| READING scroll labelled LAVYJEISKE.
  6573 | D:7      | 6573 ||| BRANDING +1 orcbow.
  6574 | D:7      | 6574 ||| DROPPING wand of flame (22).
  6636 | D:8      | Found a hazy altar of Hepliaklqana.
  6689 | D:8      | Found a sacrificial altar of Ru.
  6712 | D:8      | Found a staircase to the Lair.
  6721 | D:8      | Identified the +11 dire flail of Wealth {flame, Int+5}
  6740 | D:8      | Reached skill level 11 in Dodging
  7281 | D:8      | 7281 ||| READING scroll labelled BEASADASHRA.
  7281 | D:8      | 7281 ||| ENCHANTING +0 robe.
  7318 | D:9      | Reached XP level 10. HP: 15/49 MP: 11/11
  7457 | D:9      | Noticed Maurice
  7457 | D:9      | 7457 ||| ZAPPING wand of paralysis (12) at -1,6 (Maurice;
                  | floor).
  7463 | D:9      | Killed Maurice
  7464 | D:9      | Reached skill level 12 in Dodging
  7498 | D:9      | Noticed a two-headed ogre
  7499 | D:9      | 7499 ||| ZAPPING wand of paralysis (11) at 7,2 (two-headed
                  | ogre; floor).
  7504 | D:9      | Killed a two-headed ogre
  7505 | D:9      | Found a basalt altar of Yredelemnul.
  7571 | D:9      | Noticed a two-headed ogre
  7572 | D:9      | 7572 ||| ZAPPING wand of paralysis (10) at -1,4 (two-headed
                  | ogre; floor).
  7582 | D:9      | Killed a two-headed ogre
  7583 | D:9      | Reached skill level 12 in Ranged Weapons
  7620 | D:8      | 7620 ||| Stepping randomly (stuck).
  7621 | D:8      | 7621 ||| Stepping randomly (stuck).
  7622 | D:8      | 7622 ||| Stepping randomly (stuck).
  7623 | D:8      | 7623 ||| Stepping randomly (stuck).
  7624 | D:8      | 7624 ||| Stepping randomly (stuck).
  7625 | D:8      | 7625 ||| Stepping randomly (stuck).
  7626 | D:8      | 7626 ||| Stepping randomly (stuck).
  7627 | D:8      | 7627 ||| Stepping randomly (stuck).
  7628 | D:8      | 7628 ||| Stepping randomly (stuck).
  7629 | D:8      | 7629 ||| Stepping randomly (stuck).
  7630 | D:8      | 7630 ||| Stepping randomly (stuck).
  7631 | D:8      | 7631 ||| Stepping randomly (stuck).
  7632 | D:8      | 7632 ||| Stepping randomly (stuck).
  7633 | D:8      | 7633 ||| Stepping randomly (stuck).
  7634 | D:8      | 7634 ||| Stepping randomly (stuck).
  7635 | D:8      | 7635 ||| Stepping randomly (stuck).
  7636 | D:8      | 7636 ||| Stepping randomly (stuck).
  7637 | D:8      | 7637 ||| Stepping randomly (stuck).
  7638 | D:8      | 7638 ||| Stepping randomly (stuck).
  7639 | D:8      | 7639 ||| Stepping randomly (stuck).
  7640 | D:8      | 7640 ||| Stepping randomly (stuck).
  7641 | D:8      | 7641 ||| Stepping randomly (stuck).
  7642 | D:8      | 7642 ||| Stepping randomly (stuck).
  7643 | D:8      | 7643 ||| Stepping randomly (stuck).
  7644 | D:8      | 7644 ||| Stepping randomly (stuck).
  7645 | D:8      | 7645 ||| Stepping randomly (stuck).
  7646 | D:8      | 7646 ||| Stepping randomly (stuck).
  7647 | D:8      | 7647 ||| Stepping randomly (stuck).
  7648 | D:8      | 7648 ||| Stepping randomly (stuck).
  7649 | D:8      | 7649 ||| Stepping randomly (stuck).
  7650 | D:8      | 7650 ||| Stepping randomly (stuck).
  7651 | D:8      | 7651 ||| Stepping randomly (stuck).
  7652 | D:8      | 7652 ||| Stepping randomly (stuck).
  7653 | D:8      | 7653 ||| Stepping randomly (stuck).
  7654 | D:8      | 7654 ||| Stepping randomly (stuck).
  7655 | D:8      | 7655 ||| Stepping randomly (stuck).
  7656 | D:8      | 7656 ||| Stepping randomly (stuck).
  7657 | D:8      | 7657 ||| Stepping randomly (stuck).
  7658 | D:8      | 7658 ||| Stepping randomly (stuck).
  7659 | D:8      | 7659 ||| Stepping randomly (stuck).
  7660 | D:8      | 7660 ||| Stepping randomly (stuck).
  7661 | D:8      | 7661 ||| Stepping randomly (stuck).
  7662 | D:8      | 7662 ||| Stepping randomly (stuck).
  7663 | D:8      | 7663 ||| Stepping randomly (stuck).
  7664 | D:8      | 7664 ||| Stepping randomly (stuck).
  7665 | D:8      | 7665 ||| Stepping randomly (stuck).
  7666 | D:8      | 7666 ||| Stepping randomly (stuck).
  7667 | D:8      | 7667 ||| Stepping randomly (stuck).
  7668 | D:8      | 7668 ||| Stepping randomly (stuck).
  7669 | D:8      | 7669 ||| Stepping randomly (stuck).
  7670 | D:8      | 7670 ||| Stepping randomly (stuck).
  7671 | D:8      | 7671 ||| READING 2 scrolls of teleportation.
  7796 | D:9      | 7796 ||| RETREEEEATING.
  7817 | D:9      | Reached skill level 13 in Dodging
  8081 | D:9      | Found a shimmering blue altar of Sif Muna.
  8240 | D:9      | 8240 ||| DROPPING ring of flight.
  8241 | D:9      | 8241 ||| READING scroll labelled KUAMPIRHORO.
  8258 | D:10     | Entered Level 10 of the Dungeon
  8264 | D:10     | Found an iron altar of Okawaru.
  8265 | D:10     | 8265 ||| PLANNING OKAWARU WORSHIP
  8285 | D:10     | Became a worshipper of Warmaster Okawaru
  8286 | D:10     | 8286 ||| PLANNING D:1-11
  8637 | D:10     | Found an ancient bone altar of Kikubaaqudgha.
  8880 | D:10     | 8880 ||| PLANNING LAIR
  8880 | D:10     | 8880 ||| READING 2 scrolls labelled ANETIT LUCU.
  8881 | D:10     | 8881 ||| READING scroll labelled QUNKEE KYKHLOOGH.
  8882 | D:10     | 8882 ||| DROPPING scroll of immolation.
  8946 | Lair:1   | Entered Level 1 of the Lair of Beasts
  8975 | Lair:1   | Reached * piety under Okawaru
  8983 | Lair:1   | Reached skill level 1 in Invocations
  9047 | Lair:1   | Reached XP level 11. HP: 53/55 MP: 13/13
  9057 | Lair:1   | Found a frozen archway.
  9064 | Lair:1   | You fall into a shaft and drop 1 floor!
  9065 | Lair:2   | 9065 ||| INVOKING Heroism.
  9075 | Lair:2   | 9075 ||| RETREEEEATING.
  9076 | Lair:2   | 9076 ||| RETREEEEATING.
  9089 | Lair:2   | Reached skill level 3 in Invocations
  9106 | Lair:2   | Reached ** piety under Okawaru
  9151 | Lair:2   | 9151 ||| DRINKING 2 viscous amethyst potions.
  9176 | Lair:1   | 9176 ||| RETREEEEATING.
  9177 | Lair:1   | 9177 ||| RETREEEEATING.
  9212 | Lair:1   | Reached skill level 14 in Dodging
  9615 | Lair:1   | Reached *** piety under Okawaru
  9673 | Lair:1   | 9673 ||| RETREEEEATING.
  9674 | Lair:1   | 9674 ||| RETREEEEATING.
  9675 | Lair:1   | 9675 ||| RETREEEEATING.
  9683 | Lair:1   | 9683 ||| RETREEEEATING.
  9684 | Lair:1   | 9684 ||| RETREEEEATING.
  9685 | Lair:1   | 9685 ||| RETREEEEATING.
  9686 | Lair:1   | 9686 ||| RETREEEEATING.
  9947 | Lair:2   | Identified the +1 quarterstaff "Ishreex" {antimagic, rElec
                  | rN+ Str+2 SInv}
 10007 | Lair:2   | 10007 ||| RETREEEEATING.
 10008 | Lair:2   | 10008 ||| RETREEEEATING.
 10010 | Lair:2   | 10010 ||| RETREEEEATING.
 10011 | Lair:2   | 10011 ||| RETREEEEATING.
 10013 | Lair:2   | 10013 ||| RETREEEEATING.
 10018 | Lair:2   | 10018 ||| RETREEEEATING.
 10035 | Lair:2   | Reached **** piety under Okawaru
 10192 | Lair:2   | Reached skill level 15 in Dodging
 10283 | Lair:2   | Reached XP level 12. HP: 60/60 MP: 17/17
 10298 | Lair:2   | Reached ***** piety under Okawaru
 10314 | Lair:2   | Reached skill level 6 in Invocations
 10338 | Lair:2   | Reached skill level 6 in Fighting
 10482 | Lair:2   | Noticed a five-headed hydra
 10483 | Lair:2   | 10483 ||| INVOKING Finesse.
 10488 | Lair:2   | Killed a five-headed hydra
 10582 | Lair:2   | 10582 ||| RETREEEEATING.
 10583 | Lair:2   | 10583 ||| RETREEEEATING.
 10587 | Lair:2   | 10587 ||| RETREEEEATING.
 10591 | Lair:2   | 10591 ||| RETREEEEATING.
 10607 | Lair:2   | Received a gift from Okawaru
 10871 | Lair:2   | Noticed a dire elephant
 10872 | Lair:2   | 10872 ||| INVOKING Finesse.
 10889 | Lair:2   | Killed a dire elephant
 11058 | Lair:2   | 11058 ||| UPGRADING to +1 robe of resistance.
 11068 | Lair:2   | 11068 ||| DROPPING +1 robe.
 11069 | Lair:2   | 11069 ||| READING scroll of enchant armour.
 11069 | Lair:2   | 11069 ||| ENCHANTING +1 robe of resistance.
 11081 | Lair:3   | 11081 ||| PLANNING GAUNTLET
 11084 | Lair:3   | Reached skill level 15 in Ranged Weapons
 11106 | Lair:3   | 11106 ||| INVOKING Finesse.
 11107 | Lair:3   | 11107 ||| INVOKING Finesse.
 11201 | Lair:3   | Found a staircase to the Snake Pit.
 11278 | Lair:3   | 11278 ||| INVOKING Finesse.
 11282 | Lair:3   | Reached skill level 9 in Invocations
 11381 | Lair:3   | Noticed an eleionoma
 11382 | Lair:3   | 11382 ||| RETREEEEATING.
 11383 | Lair:3   | 11383 ||| RETREEEEATING.
 11384 | Lair:3   | 11384 ||| RETREEEEATING.
 11385 | Lair:3   | 11385 ||| INVOKING Finesse.
 11392 | Lair:3   | Killed an eleionoma
 11406 | Lair:3   | Received a gift from Okawaru
 11420 | Lair:3   | Reached XP level 13. HP: 53/65 MP: 16/21
 11480 | Lair:3   | Found a staircase to the Swamp.
 11567 | Lair:3   | Reached skill level 16 in Dodging
 11567 | Lair:3   | Found a gate leading to a gauntlet.
 11568 | Lair:3   | 11568 ||| READING scroll of identify.
 11568 | Lair:3   | 11568 ||| IDENTIFYING blue potion
 11569 | Lair:3   | 11569 ||| DROPPING potion of brilliance.
 11578 | Gauntlet | Entered a Gauntlet
 11578 | Gauntlet | Found a transporter.
 11585 | Gauntlet | Found a runed translucent gate.
 11585 | Gauntlet | Found a runed translucent gate.
 11585 | Gauntlet | Found a runed translucent gate.
 11587 | Gauntlet | Found a transporter.
 11590 | Gauntlet | Found a transporter.
 11591 | Gauntlet | Found a transporter.
 11599 | Gauntlet | Found a transporter.
 11602 | Gauntlet | Found a transporter.
 11603 | Gauntlet | Found a transporter.
 11612 | Gauntlet | Found a transporter.
 11615 | Gauntlet | Found a transporter.
 11616 | Gauntlet | Found a transporter.
 11623 | Gauntlet | Found a runed translucent door.
 11625 | Gauntlet | Found a transporter.
 11628 | Gauntlet | Found a transporter.
 11629 | Gauntlet | Found a transporter.
 11645 | Gauntlet | Found a transporter.
 11876 | Gauntlet | Noticed a minotaur
 11877 | Gauntlet | 11877 ||| INVOKING Finesse.
 11912 | Gauntlet | Killed a minotaur
 11913 | Gauntlet | Reached skill level 1 in Armour
 12049 | Lair:3   | 12049 ||| PLANNING LAIR
 12348 | Lair:3   | 12348 ||| RETREEEEATING.
 12349 | Lair:3   | 12349 ||| RETREEEEATING.
 12390 | Lair:3   | 12390 ||| RETREEEEATING.
 12398 | Lair:3   | 12398 ||| RETREEEEATING.
 12422 | Lair:3   | 12422 ||| RETREEEEATING.
 12423 | Lair:3   | 12423 ||| RETREEEEATING.
 12427 | Lair:3   | Received a gift from Okawaru
 12429 | Lair:3   | 12429 ||| INVOKING Finesse.
 12627 | Lair:3   | 12627 ||| RETREEEEATING.
 12897 | Lair:3   | 12897 ||| RETREEEEATING.
 12902 | Lair:3   | 12902 ||| Stepping ~*~*~tactically~*~*~ (cloud).
 12924 | Lair:3   | HP: 12/65 [four-headed hydra (7)]
 12925 | Lair:3   | 12925 ||| READING 4 scrolls of teleportation.
 12926 | Lair:3   | 12926 ||| DRINKING 8 potions of heal wounds.
 12928 | Lair:3   | Reached skill level 17 in Dodging
 13090 | Lair:3   | 13090 ||| READING scroll of identify.
 13090 | Lair:3   | 13090 ||| IDENTIFYING bubbling sapphire potion
 13091 | Lair:3   | 13091 ||| DROPPING potion of berserk rage.
 13132 | Lair:4   | 13132 ||| INVOKING Finesse.
 13158 | Lair:4   | 13158 ||| RETREEEEATING.
 13159 | Lair:4   | 13159 ||| RETREEEEATING.
 13163 | Lair:4   | 13163 ||| RETREEEEATING.
 13376 | Lair:4   | 13376 ||| RETREEEEATING.
 13378 | Lair:4   | 13378 ||| RETREEEEATING.
 13380 | Lair:4   | 13380 ||| RETREEEEATING.
 13382 | Lair:4   | 13382 ||| RETREEEEATING.
 13387 | Lair:4   | 13387 ||| RETREEEEATING.
 13388 | Lair:4   | 13388 ||| RETREEEEATING.
 13389 | Lair:4   | 13389 ||| RETREEEEATING.
 13390 | Lair:4   | 13390 ||| RETREEEEATING.
 13391 | Lair:4   | 13391 ||| RETREEEEATING.
 13451 | Lair:4   | 13451 ||| RETREEEEATING.
 13452 | Lair:4   | 13452 ||| RETREEEEATING.
 13453 | Lair:4   | 13453 ||| RETREEEEATING.
 13454 | Lair:4   | 13454 ||| RETREEEEATING.
 13455 | Lair:4   | 13455 ||| RETREEEEATING.
 13456 | Lair:4   | 13456 ||| RETREEEEATING.
 13458 | Lair:4   | 13458 ||| RETREEEEATING.
 13553 | Lair:4   | Received a gift from Okawaru
 13635 | Lair:4   | 13635 ||| RETREEEEATING.
 13638 | Lair:4   | 13638 ||| RETREEEEATING.
 13639 | Lair:4   | 13639 ||| RETREEEEATING.
 13648 | Lair:4   | 13648 ||| RETREEEEATING.
 13649 | Lair:4   | 13649 ||| INVOKING Finesse.
 13650 | Lair:4   | 13650 ||| RETREEEEATING.
 13653 | Lair:4   | Reached skill level 18 in Dodging
 13685 | Lair:4   | Reached XP level 14. HP: 39/72 MP: 18/22
 13721 | Lair:4   | HP: 18/72 [wolf (8)]
 13722 | Lair:4   | 13722 ||| READING 3 scrolls of teleportation.
 13723 | Lair:4   | 13723 ||| DRINKING 7 potions of heal wounds.
 14230 | Lair:4   | Found a staircase to the Slime Pits.
 14312 | Lair:4   | 14312 ||| READING scroll of identify.
 14312 | Lair:4   | 14312 ||| IDENTIFYING fizzy golden potion
 14313 | Lair:4   | 14313 ||| DROPPING potion of invisibility.
 14331 | Lair:5   | Entered Level 5 of the Lair of Beasts
 14332 | Lair:5   | 14332 ||| STAIRDANCE
 14467 | Lair:5   | 14467 ||| RETREEEEATING.
 14468 | Lair:5   | 14468 ||| RETREEEEATING.
 14473 | Lair:5   | 14473 ||| RETREEEEATING.
 14494 | Lair:5   | 14494 ||| RETREEEEATING.
 14495 | Lair:5   | 14495 ||| RETREEEEATING.
 14496 | Lair:5   | 14496 ||| RETREEEEATING.
 14498 | Lair:5   | 14498 ||| RETREEEEATING.
 14499 | Lair:5   | 14499 ||| RETREEEEATING.
 14500 | Lair:5   | 14500 ||| RETREEEEATING.
 14503 | Lair:5   | 14503 ||| RETREEEEATING.
 14504 | Lair:5   | 14504 ||| RETREEEEATING.
 14505 | Lair:5   | 14505 ||| RETREEEEATING.
 14506 | Lair:5   | 14506 ||| RETREEEEATING.
 14577 | Lair:5   | 14577 ||| RETREEEEATING.
 14579 | Lair:5   | 14579 ||| RETREEEEATING.
 14581 | Lair:5   | 14581 ||| RETREEEEATING.
 14582 | Lair:5   | 14582 ||| RETREEEEATING.
 14584 | Lair:5   | 14584 ||| RETREEEEATING.
 14585 | Lair:5   | 14585 ||| RETREEEEATING.
 14625 | Lair:5   | 14625 ||| Stepping ~*~*~tactically~*~*~ (cloud).
 14633 | Lair:5   | 14633 ||| Stepping ~*~*~tactically~*~*~ (cloud).
 14725 | Lair:5   | Received a gift from Okawaru
 14765 | Lair:5   | Reached skill level 19 in Dodging
 14840 | Lair:5   | 14840 ||| RETREEEEATING.
 14843 | Lair:5   | 14843 ||| RETREEEEATING.
 14844 | Lair:5   | 14844 ||| RETREEEEATING.
 14845 | Lair:5   | 14845 ||| RETREEEEATING.
 14848 | Lair:5   | HP: 18/73 [six-headed hydra (12)]
 14849 | Lair:5   | 14849 ||| READING 3 scrolls of teleportation.
 14850 | Lair:5   | 14850 ||| DRINKING 6 potions of heal wounds.
 15044 | Lair:5   | 15044 ||| RETREEEEATING.
 15047 | Lair:5   | 15047 ||| RETREEEEATING.
 15049 | Lair:5   | 15049 ||| RETREEEEATING.
 15052 | Lair:5   | 15052 ||| RETREEEEATING.
 15065 | Lair:5   | 15065 ||| INVOKING Finesse.
 15280 | Lair:5   | Received a gift from Okawaru
 15281 | Lair:5   | Reached skill level 20 in Dodging
 15396 | Lair:5   | 15396 ||| RETREEEEATING.
 15397 | Lair:5   | 15397 ||| RETREEEEATING.
 15398 | Lair:5   | 15398 ||| RETREEEEATING.
 15399 | Lair:5   | 15399 ||| RETREEEEATING.
 15400 | Lair:5   | 15400 ||| RETREEEEATING.
 15403 | Lair:5   | 15403 ||| RETREEEEATING.
 15413 | Lair:5   | 15413 ||| RETREEEEATING.
 15422 | Lair:5   | 15422 ||| INVOKING Finesse.
 15505 | Lair:5   | Reached skill level 9 in Fighting
 15507 | Lair:5   | 15507 ||| RETREEEEATING.
 15508 | Lair:5   | 15508 ||| RETREEEEATING.
 15509 | Lair:5   | 15509 ||| RETREEEEATING.
 15511 | Lair:5   | 15511 ||| RETREEEEATING.
 15518 | Lair:5   | 15518 ||| RETREEEEATING.
 15527 | Lair:5   | 15527 ||| RETREEEEATING.
 15528 | Lair:5   | 15528 ||| RETREEEEATING.
 15530 | Lair:5   | 15530 ||| RETREEEEATING.
 15531 | Lair:5   | 15531 ||| RETREEEEATING.
 15532 | Lair:5   | 15532 ||| RETREEEEATING.
 15534 | Lair:5   | 15534 ||| RETREEEEATING.
 15536 | Lair:5   | 15536 ||| RETREEEEATING.
 15682 | Lair:5   | 15682 ||| RETREEEEATING.
 15683 | Lair:5   | 15683 ||| RETREEEEATING.
 15706 | Lair:5   | 15706 ||| RETREEEEATING.
 15707 | Lair:5   | 15707 ||| RETREEEEATING.
 15708 | Lair:5   | 15708 ||| RETREEEEATING.
 15709 | Lair:5   | 15709 ||| RETREEEEATING.
 15710 | Lair:5   | 15710 ||| RETREEEEATING.
 15711 | Lair:5   | 15711 ||| RETREEEEATING.
 15712 | Lair:5   | 15712 ||| RETREEEEATING.
 15713 | Lair:5   | 15713 ||| RETREEEEATING.
 15714 | Lair:5   | 15714 ||| RETREEEEATING.
 15715 | Lair:5   | 15715 ||| RETREEEEATING.
 15716 | Lair:5   | 15716 ||| RETREEEEATING.
 15717 | Lair:5   | 15717 ||| RETREEEEATING.
 15718 | Lair:5   | 15718 ||| RETREEEEATING.
 15719 | Lair:5   | 15719 ||| RETREEEEATING.
 15720 | Lair:5   | 15720 ||| RETREEEEATING.
 15721 | Lair:5   | 15721 ||| RETREEEEATING.
 15722 | Lair:5   | 15722 ||| RETREEEEATING.
 15723 | Lair:5   | 15723 ||| RETREEEEATING.
 15724 | Lair:5   | 15724 ||| RETREEEEATING.
 15740 | Lair:5   | 15740 ||| RETREEEEATING.
 15962 | Lair:5   | Reached skill level 21 in Dodging
 16031 | Lair:5   | Received a gift from Okawaru
 16067 | Lair:5   | 16067 ||| RETREEEEATING.
 16068 | Lair:5   | 16068 ||| RETREEEEATING.
 16077 | Lair:5   | 16077 ||| INVOKING Finesse.
 16217 | Lair:5   | 16217 ||| INVOKING Finesse.
 16223 | Lair:5   | Reached XP level 15. HP: 79/79 MP: 17/23
 16405 | Lair:5   | 16405 ||| RETREEEEATING.
 16406 | Lair:5   | 16406 ||| RETREEEEATING.
 16799 | Lair:5   | 16799 ||| PLANNING D:1-11
 16799 | Lair:5   | 16799 ||| READING scroll of identify.
 16799 | Lair:5   | 16799 ||| IDENTIFYING clear potion
 16800 | Lair:5   | 16800 ||| READING scroll labelled KIUHIET PIURAXZAUJ.
 16801 | Lair:5   | 16801 ||| DROPPING potion of attraction.
 17165 | D:11     | Noticed Psyche
 17169 | D:11     | Killed Psyche
 17212 | D:11     | Found a staircase to the Orcish Mines.
 17213 | D:11     | 17213 ||| RETREEEEATING.
 17231 | D:11     | Reached skill level 22 in Dodging
 17407 | D:11     | Noticed Lodul
 17408 | D:11     | 17408 ||| INVOKING Finesse.
 17418 | D:11     | Killed Lodul
 17909 | D:11     | 17909 ||| PLANNING D
 17909 | D:11     | 17909 ||| DROPPING +2 robe of willpower.
 17910 | D:11     | 17910 ||| READING 2 scrolls of identify.
 17910 | D:11     | 17910 ||| IDENTIFYING green potion
 17911 | D:11     | 17911 ||| DROPPING potion of ambrosia.
 18036 | D:12     | Received a gift from Okawaru
 18078 | D:12     | Identified the +1 rapier "Jesekipu" {drain, Str+4}
 18287 | D:12     | 18287 ||| READING scroll of enchant weapon.
 18287 | D:12     | 18287 ||| ENCHANTING +1 orcbow of electrocution.
 18346 | D:12     | 18346 ||| RETREEEEATING.
 18349 | D:12     | 18349 ||| RETREEEEATING.
 18354 | D:12     | 18354 ||| RETREEEEATING.
 18356 | D:12     | 18356 ||| RETREEEEATING.
 18358 | D:12     | 18358 ||| RETREEEEATING.
 18359 | D:12     | 18359 ||| RETREEEEATING.
 18360 | D:12     | 18360 ||| RETREEEEATING.
 18361 | D:12     | 18361 ||| RETREEEEATING.
 18364 | D:12     | 18364 ||| RETREEEEATING.
 18367 | D:12     | 18367 ||| RETREEEEATING.
 18368 | D:12     | 18368 ||| RETREEEEATING.
 18369 | D:12     | 18369 ||| RETREEEEATING.
 18370 | D:12     | 18370 ||| RETREEEEATING.
 18372 | D:12     | 18372 ||| RETREEEEATING.
 18374 | D:12     | 18374 ||| RETREEEEATING.
 18378 | D:12     | 18378 ||| RETREEEEATING.
 18379 | D:12     | 18379 ||| RETREEEEATING.
 18380 | D:12     | 18380 ||| RETREEEEATING.
 18490 | D:12     | Reached skill level 23 in Dodging
 18560 | D:12     | 18560 ||| READING 2 scrolls of identify.
 18560 | D:12     | 18560 ||| IDENTIFYING amethyst potion
 18561 | D:12     | 18561 ||| DROPPING potion of degeneration.
 18618 | D:13     | 18618 ||| READING scroll of enchant weapon.
 18618 | D:13     | 18618 ||| ENCHANTING +2 orcbow of electrocution.
 18670 | D:13     | HP: 12/79 [skeletal warrior/+0 short sword (19)]
 18670 | D:13     | Slain by a skeletal warrior

Levels and vault maps discovered:
D:1:      minmay_arrival_wavy_path, layout_loops_corners, minmay_tetromino_i4
D:2:      layout_loops_ring, uniq_crazy_yiuf_cottage
D:3:      kennysheep_slugbush, layout_basic,
          mainiacjoe_overflow_concentric_impassable, general_overflow_altar,
          trog_butcher_becter, uniq_jessica
D:4:      layout_loops_corners, amcnicky_altar_gilded,
          serial_library_hellmonk_recessed_alcove
D:5:      layout_gridville, overflow_temple_1_default, serial_shops,
          nicolae_shop_rolling_square, minmay_guarded_unrand_staff_of_olgreb
D:6:      layout_basic, minmay_temple_entry_stoned_glass,
          kb_lookout_dungeons_type
D:7:      layout_loops_ring, amethyst_overflow_temple_binary
D:8:      minmay_razor_zed, layout_layer_cave,
          mainiacjoe_overflow_cross_hatched, kennysheep_mini_moat,
          nicolae_ru_sacrificial_ziggurat, lemuel_round_altar
D:9:      layout_roguey, mainiacjoe_overflow_brackets, old_standard_altar,
          uniq_maurice
D:10:     layout_loops_ring, mainiacjoe_overflow_24_doors,
          mainiacjoe_overflow_chevrons
D:11:     layout_cave_pods, kennysheep_orc_monster_closet_entryway, uniq_psyche,
          uniq_lodul
D:12:     layout_irregular_city
D:13:     layout_gridville, erik_vaults_2, kennysheep_generic_room_14
Temple:   corrupted_temple
Lair:1:   layout_roguey, portal_ice_cave_rime, serial_bayou_shore_b
Lair:2:   mu_elephants_graveyard, layout_chaotic_city
Lair:3:   nzn_winding_woodlands_cross [nzn_winding_woodlands_5x15_split_checker,
          nzn_winding_woodlands_5x15_cabin,
          nzn_winding_woodlands_5x15_longhouse, nzn_winding_woodlands_5x15_pool,
          nzn_winding_woodlands_15x15_killbox], layout_small_grid,
          alex1729_swamp_entry_worm_eleionoma,
          minmay_snake_entry_guardpost_large, gauntlet_entry_generic
Lair:4:   layout_loops_ring, dpeg_slime_entry_corner, lemuel_fruit_tree,
          lemuel_fruit_fields
Lair:5:   minmay_lair_end_frog_pond, layout_layer_cave, serial_bayou,
          serial_bayou_lagoon_a, serial_bayou_pond_d, serial_bayou_pond_e,
          serial_bayou_pond_b, worms_lemuel

Skill      XL: |  1  2  3  4  5  6  7  8  9 10 11 12 13 14 15 |
---------------+----------------------------------------------+-----
Dodging        | 3 4 5 6 8 9 11 13 15 18 21 23 | 23.0
Ranged Weapons | 5 7 8 9 11 12 14 15 16 | 16.0
Fighting       | 2 3 4 5 6 7 9 |  9.1
Invocations    | 1 5 9 10 | 10.0
Armour         | 1 |  1.2
Stealth        | |  1.5

Action                     |  1- 3 |  4- 6 |  7- 9 | 10-12 | 13-15 || total
---------------------------+-------+-------+-------+-------+-------++-------
   Fire: Shortbow          |    96 |   101 |       |       |       ||   197
         Orcbow            |       |    53 |   303 |   634 |  1576 ||  2566
 Invoke: Heroism           |       |       |       |     1 |       ||     1
         Finesse           |       |       |       |     5 |     9 ||    14
  Evoke: Wand              |       |       |     5 |     3 |       ||     8
    Use: Scroll            |     4 |     6 |     6 |     5 |    12 ||    33
         Potion            |     1 |     2 |     1 |     1 |     3 ||     8
 Armour: Robe              |     7 |    19 |    60 |    48 |   134 ||   268
  Dodge: Dodged            |    37 |    60 |   227 |   214 |   850 ||  1388

Table legend:
 A = Non-vault XP
 B = Vault XP
 C = Vault XP percentage of total XP
 D = Non-vault monster count
 E = Vault monster count
 F = Vault count percentage of total count
                 A         B        C        D         E       F
            +---------+---------+-------+---------+---------+-------
      Total |   82980 |   40933 |  33.0 |     393 |     155 |  28.3
            +---------+---------+-------+---------+---------+-------
        D:1 |      21 |       8 |  27.6 |      14 |       3 |  17.6
        D:2 |      38 |       0 |   0.0 |      15 |       0 |   0.0
        D:3 |      42 |      76 |  64.4 |      17 |      13 |  43.3
        D:4 |     172 |       0 |   0.0 |      17 |       0 |   0.0
        D:5 |     327 |       0 |   0.0 |       8 |       0 |   0.0
        D:6 |     746 |     118 |  13.7 |      14 |       1 |   6.7
        D:7 |     667 |       0 |   0.0 |      13 |       0 |   0.0
        D:8 |    1905 |    1273 |  40.1 |      31 |      12 |  27.9
        D:9 |    3136 |     494 |  13.6 |      15 |       1 |   6.2
       D:10 |     922 |       0 |   0.0 |       5 |       0 |   0.0
       D:11 |    2407 |    3396 |  58.5 |      12 |      28 |  70.0
       D:12 |    7592 |       0 |   0.0 |      22 |       0 |   0.0
       D:13 |     757 |       0 |   0.0 |       1 |       0 |   0.0
     Lair:1 |    3986 |     728 |  15.4 |      18 |       2 |  10.0
     Lair:2 |    9241 |    8541 |  48.0 |      36 |      17 |  32.1
     Lair:3 |    8056 |   12401 |  60.6 |      26 |      34 |  56.7
     Lair:4 |   13955 |       0 |   0.0 |      51 |       0 |   0.0
     Lair:5 |   29010 |   12110 |  29.5 |      78 |      40 |  33.9
   Gauntlet |       0 |    1788 | 100.0 |       0 |       4 | 100.0
            +---------+---------+-------+---------+---------+-------
